 Dungeon Crawl Stone Soup version 0.29-a0-91-gdebf4667c2 (webtiles) character file.

Game seed: 10970695665061470975

18 esteth the Magician (level 2, 0/17 HPs)
             Began as an Octopode Hedge Wizard on Feb 8, 2022.
             Slain by a kobold (3 damage)
             ... on level 1 of the Dungeon.
             The game lasted 00:03:46 (980 turns).

esteth the Magician (Octopode Hedge Wizard)          Turns: 980, Time: 00:03:46

Health: 0/17       AC:  1    Str:  9    XL:     2   Next: 66%
Magic:  6/6        EV: 17    Int: 16    God:
Gold:   60         SH:  0    Dex: 11    Spells: 6/7 levels left

rFire   . . .      SeeInvis .   (no weapon)
rCold   . . .      Faith    .   (no shield)
rNeg    . . .      Spirit   .   b - +0 hat
rPois   .          Reflect  .   (no amulet)
rElec   .          Harm     .   E - +4 ring of evasion
rCorr   .          Rampage  .   (no ring)
Will    .....                   (no ring)
Stlth   +++.......              (no ring)
HPRegen 0.05/turn               (no ring)
MPRegen 0.10/turn               (no ring)
                                (no ring)
                                (no ring)

@: lethally poisoned (0 -> -19)
A: almost no armour, amphibious, 8 rings, camouflage 1, gelatinous body 1,
(nimble swimmer 1), tentacles
a: no special abilities


You were on level 1 of the Dungeon.
You visited 1 branch of the dungeon, and saw 1 of its levels.

You collected 60 gold pieces.


Innate Abilities, Weirdness & Mutations

You cannot wear most types of armour.
You are amphibious.
You can wear up to eight rings at the same time.
Your skin changes colour to match your surroundings (Stealth+).
Your rubbery body absorbs attacks. (AC +1, EV +1)
((You are camouflaged when in or above water. (Stealth+)))
You have tentacles for arms and can constrict up to eight enemies at once.


   Skills:
 - Level 2.0 Dodging
 - Level 2.6 Stealth
 + Level 0.5 Unarmed Combat
 + Level 3.2 Spellcasting
 * Level 2.0 Conjurations
 - Level 1.0 Summonings
 - Level 1.0 Translocations


You had 6 spell levels left.
You knew the following spells:

 Your Spells              Type           Power      Damage    Failure   Level
m - Magic Dart            Conj           36%        1d4       8%          1

Your spell library contained the following spells:

 Spells                   Type           Power      Damage    Failure   Level
 Slow                     Hex            8%         N/A       19%         1
 Blink                    Tloc           10%        N/A       19%         2
 Call Imp                 Summ           5%         N/A       19%         2
 Conjure Flame            Conj/Fire      5%         6-21      36%         3
 Mephitic Cloud           Conj/Pois/Air  4%         N/A       38%         3

Inventory:

Missiles
 a - 22 arrows
Armour
 b - a +0 hat (worn)
Jewellery
 E - a +4 ring of evasion (left tentacle)
   (You found it on level 1 of the Dungeon)
Scrolls
 c - a scroll of blinking {unknown}

Dungeon Overview and Level Annotations

Branches:
Dungeon (1/15)

Altars:

#...####...####.
.................
#.....##...####.#
...........# #.#
#.#...####.####.#
##.#.## #....#.#
#.##.#
####.#.#######
..##.#
#.#.......##
#.##.#
#...@K......
#.##.#
#########.##
#.##.# #.##.#
#.##.####
..##....#
#######.# #.# #.#


You could see a kobold.


Message History

A ball python comes into view.
Things that are here:
a +0 club; a goblin skeleton; 😎 HP[+2] MP[+3]
Your hp is fully restored (17).
Your mp is fully restored (6).
A ball python is nearby!
No target in view!
No target in view!
Things that are here:
a +0 dagger; a kobold skeleton The ball python hisses angrily.
The ball python barely misses you. The ball python grabs you.
The ball python constricts you. 😕 HP[-1]
You take 1 damage, and now have 16/17 hp.
You tentacle-slap the ball python but do no damage.
Your grab misses the ball python. You squeeze the ball python.
You kill the ball python!
Your Conjurations skill increases to level 2!
You see here a ball python corpse.
You now have 41 gold pieces (gained 9).
E - a +4 ring of evasion 😎 HP[+1]
Your hp is fully restored (17).
E - a +4 ring of evasion (left tentacle)
You now have 57 gold pieces (gained 16).
You now have 60 gold pieces (gained 3).
Found a stone staircase leading down.
a - 22 arrows A kobold comes into view. It is wielding a +2 dagger of venom.
A kobold is nearby!
No reachable target in view!
No reachable target in view!
A kobold is nearby!
No reachable target in view!
No reachable target in view!
The kobold shouts!
The teleport trap disappears.
The kobold disappears!
c - a scroll labelled JYMODW NODITEN A ball python comes into view.
A goblin comes into view. It is wielding a +0 club.
Found a stone staircase leading down.
The ball python closely misses you. The ball python misses you.
The ball python bites you.
The ball python closely misses you. 😕 HP[-1]
You take 1 damage, and now have 16/17 hp.
You closely miss the ball python. Your grab misses the ball python.
Your squeeze misses the ball python. The ball python misses you.
The ball python barely misses you.
You barely miss the ball python. You grab the ball python.
You constrict the ball python. The ball python misses you. x2
You tentacle-slap the ball python but do no damage.
You squeeze the ball python.
You kill the ball python!
You see here a ball python corpse.
A goblin is nearby!
The helpless goblin fails to defend itself.
You tentacle-slap the goblin. Your grab misses the goblin.
The goblin closely misses you.
You barely miss the goblin. Your grab misses the goblin.
The goblin hits you with a +0 club. 😕 HP[-1]
You take 1 damage, and now have 15/17 hp.
A goblin is nearby!
You completely miss the goblin. You grab the goblin. You constrict the goblin.
The goblin barely misses you.
You tentacle-slap the goblin.
You kill the goblin! 😕 HP[+1] No target in view!
Things that are here:
a +0 club; a goblin corpse; 😎 HP[+1]
Your hp is fully restored (17).
You see here a +0 club.
You see here a +0 dagger.
Found a faded altar of an unknown god.
There is a faded altar of an unknown god here.
You see here a ball python skeleton.
A kobold is nearby!
The kobold shouts!
You tentacle-slap the kobold. Your grab misses the kobold.
The kobold closely misses you.
You closely miss the kobold. Your grab misses the kobold.
The kobold hits you with a +2 dagger of venom.
You are lethally poisoned! 😕 HP[-3]
You take 3 damage, and now have 14/17 hp.
You closely miss the kobold. Your grab misses the kobold.
You feel very sick.
The kobold hits you with a +2 dagger of venom.
* * * LOW HITPOINT WARNING * * *
You are more poisoned. 😨 HP[-6]
You take 6 damage, and now have 8/17 hp.
MASSIVE DAMAGE!! (PAUSE)
You barely miss the kobold. You grab the kobold. You constrict the kobold.
* * * LOW HITPOINT WARNING * * *
You feel very sick.
The kobold hits you with a +2 dagger of venom.
You die...

Skill      XL: |  1  2 |
---------------+-------+-----
Conjurations   | 2 |  2.0
Dodging        | |  2.0
Stealth        | |  2.6
Unarmed Combat | |  0.5
Spellcasting   | |  3.2
Summonings     | |  1.0
Translocations | |  1.0

Action                   || total
-------------------------++-------
Melee: Tentacles         ||    10
       Dagger            ||     6
       Constrict         ||     7
       Unarmed           ||    25
 Cast: Magic Dart        ||    11
 Stab: Sleeping          ||     1
Dodge: Dodged            ||    16

Levels and vault maps discovered:
D:1:      amcnicky_arrival_underground_garden, layout_loops_ring,
          basic_ecumenical_altar, minmay_tall_x

Notes
Turn   | Place    | Note
-------+----------+-------------------------------------------
     0 | D:1      | esteth the Octopode Hedge Wizard began the quest for the
                  | Orb.
     0 | D:1      | Reached XP level 1. HP: 11/11 MP: 4/4
     0 | D:1      | magus.rc [v1.11.3]
    55 | D:1      | magus.rc [v1.11.3]
   356 | D:1      | Reached XP level 2. HP: 13/17 MP: 0/6
   681 | D:1      | Reached skill level 2 in Conjurations
   907 | D:1      | Found a faded altar of an unknown god.
   980 | D:1      | HP: 3/17 [poisoned by a kobold]
   980 | D:1      | Slain by a kobold

Vanquished Creatures
  A dart slug (D:1)
  3 endoplasms (D:1)
  A giant cockroach (D:1)
  2 goblins (D:1)
  2 hobgoblins (D:1)
  2 ball pythons (D:1)
  2 kobolds (D:1)
13 creatures vanquished.

Table legend:
 A = Non-vault XP
 B = Vault XP
 C = Vault XP percentage of total XP
 D = Non-vault monster count
 E = Vault monster count
 F = Vault count percentage of total count
                 A         B        C        D         E       F
            +---------+---------+-------+---------+---------+-------
      Total |      19 |       7 |  26.9 |       9 |       4 |  30.8
            +---------+---------+-------+---------+---------+-------
        D:1 |      19 |       7 |  26.9 |       9 |       4 |  30.8
            +---------+---------+-------+---------+---------+-------

Illustrated notes

Table legend:
 A = Kills in this place as a percentage of kills in entire the game.
 B = Kills by you in this place as a percentage of kills by you in the entire game.
 C = Kills by friends in this place as a percentage of kills by friends in the entire game.
 D = Other kills in this place as a percentage of other kills in the entire game.
 E = Experience gained in this place as a percentage of experience gained in the entire game.
 F = Experience gained in this place divided by the number of levels of this place that you have seen.
                   A       B       C       D       E      F
               +-------+-------+-------+-------+-------+----------------------
         Total | 100.0 | 100.0 |   N/A |   N/A | 100.0 |  26.0
       Dungeon | 100.0 | 100.0 |   N/A |   N/A | 100.0 |  26.0
               +-------+-------+-------+-------+-------+----------------------

Table legend: (Time is in decaauts)
 A = Elapsed time spent in this place.
 B = Non-inter-level travel time spent in this place.
 C = Inter-level travel time spent in this place.
 D = Time resting spent in this place.
 E = Time spent auto-exploring this place.
 F = Levels seen in this place.
 G = Mean time per level.
                   A        B        C        D        E       F      G
               +--------+--------+--------+--------+--------+-----+--------+
         Total |    979 |    979 |      0 |    213 |    653 |   1 |  979.0 |
       Dungeon |    979 |    979 |      0 |    213 |    653 |   1 |  979.0 |
               +--------+--------+--------+--------+--------+-----+--------+

Top non-repeatable levels by time:
     D:1: 979 daAuts
